 Dungeon Crawl Stone Soup version 0.18-a0-43-g402c68f (webtiles) character file.

81 Cookie the Magician (level 4, -7/30 HPs)
             Began as a Demonspawn Wizard on Nov 6, 2015.
             Mangled by Grinder (10 damage)
             ... on level 3 of the Dungeon.
             The game lasted 00:06:41 (2750 turns).

Cookie the Magician (Demonspawn Wizard)             Turns: 2750, Time: 00:06:41

Health: -7/30      AC:  2    Str:  8    XL:     4   Next: 19%
Magic:  5/10       EV: 12    Int: 20    God:
Gold:   76         SH:  0    Dex: 11    Spells: 1 memorised, 11 levels left

rFire  . . .     SeeInvis .     m - +0 short sword
rCold  + . .     Clarity  .     a - +0 robe
rNeg   . . .     SustAt   .     (no shield)
rPois  .         Gourm    .     b - +0 hat
rElec  .         Spirit   .     (no cloak)
rCorr  .         Warding  .     (no gloves)
rMut   .         Stasis   .     (no boots)
MR     .....                    (no amulet)
Stlth  ++........               (no ring)
                                (no ring)

@: very slightly contaminated, not resistant to hostile enchantments, unstealthy
A: talons 1, cold resistance 1
a: no special abilities


You were on level 3 of the Dungeon.
You were not hungry.

You visited 1 branch of the dungeon, and saw 3 of its levels.

You collected 76 gold pieces.

Inventory:

Hand Weapons
 j - a +0 dagger
 m - a +0 short sword (weapon)
Armour
 a - a +0 robe (worn)
 b - a +0 hat (worn)
Jewellery
 e - a +5 ring of strength {unknown}
 q - an uncursed ring of protection from cold {unknown}
Scrolls
 h - a scroll of identify {unknown}
 i - 3 scrolls of remove curse {unknown}
 k - a scroll of enchant weapon {unknown}
 o - a scroll of amnesia {unknown}
 p - a scroll of fog {unknown}
 r - a scroll of enchant armour {unknown}
 s - a scroll of fear {unknown}
Potions
 g - a potion of mutation {unknown}
 l - a potion of flight {unknown}
 t - a potion of degeneration {unknown}
 v - a potion of curing {unknown}
Books
 c - a book of Minor Magic

   Spells                             Type                      Level
   a - Magic Dart                     Conjuration                  1
   b - Blink                          Translocation                2
   c - Call Imp                       Summoning                    2
   d - Repel Missiles                 Charms/Air                   2
   e - Slow                           Hexes                        2
   f - Conjure Flame                  Conjuration/Fire             3
   g - Mephitic Cloud                 Conjuration/Poison/Air       3
Comestibles
 d - 3 bread rations
 f - 2 meat rations
 n - 3 fruits
 u - a chunk of flesh


   Skills:
 - Level 1.7 Dodging
 - Level 1.7 Stealth
 + Level 4.8 Spellcasting
 - Level 1.0 Conjurations
   Level 1.0 Summonings
   Level 0.8 Translocations


You had 11 spell levels left.
You knew the following spells:

 Your Spells              Type           Power        Failure   Level  Hunger
a - Magic Dart            Conj           #...         10%         1    None


Dungeon Overview and Level Annotations

Branches:
Dungeon (3/15)

Altars:

Annotations:
D:3 Grinder


Innate Abilities, Weirdness & Mutations

You have sharp toenails.
Your flesh is cold resistant.


Message History

Grinder hits you.
* * * LOW HITPOINT WARNING * * *
You writhe in agony.
* * * LOW HITPOINT WARNING * * *
You can move again.
You barely miss Grinder. Your kick misses Grinder.
Grinder is lightly wounded.
Grinder completely misses you. Grinder hits you.
* * * LOW HITPOINT WARNING * * *
You writhe in agony.
* * * LOW HITPOINT WARNING * * *
Casting: Magic Dart
Confirm with . or Enter, or press ? or * to list all spells.
Aiming: Magic Dart
Press: ? - help, Shift-Dir - straight line, f/p - Grinder
Aim: Grinder (lightly wounded, unusually resistant)
The magic dart hits Grinder.
Grinder is lightly wounded.
Grinder hits you!
You die...

....... ... .>.....
## #.# #.....# .
... #.....# # #.
#.# .......
#.###.###.#.#
#..... .....
..#.#.# #..
.....#.#5#.# #.<
#..#.#@#.# #..
#......#.# #. #..
#.##.###.# ###.##..
###........#
......#
#......##..#
###..##
#..#######..#
.......## ..
#..#####.# #.....
#..##<#..###.....
###................


You could see Grinder.

Vanquished Creatures
  3 adders (D:2)
  2 oozes (D:1)
  A giant gecko (D:3)
  An orc (D:3)
  4 bats
  4 giant cockroaches
  3 goblins
  5 hobgoblins
  3 jackals (D:2)
  6 kobolds
  A quokka (D:3)
  3 giant newts
  7 rats
43 creatures vanquished.

Notes
Turn   | Place    | Note
--------------------------------------------------------------
     0 | D:1      | Cookie the Demonspawn Wizard began the quest for the Orb.
     0 | D:1      | Reached XP level 1. HP: 13/13 MP: 4/4
   437 | D:1      | Gained mutation: You have sharp toenails. [demonic ancestry]
   437 | D:1      | Reached XP level 2. HP: 1/19 MP: 0/6
  1500 | D:1      | Reached skill level 4 in Spellcasting
  1709 | D:2      | Reached XP level 3. HP: 11/24 MP: 4/8
  2357 | D:2      | Gained mutation: Your flesh is cold resistant. [demonic ancestry]
  2357 | D:2      | Reached XP level 4. HP: 30/30 MP: 4/10
  2736 | D:3      | Noticed Grinder
  2746 | D:3      | Paralysed by Grinder for 3 turns
  2750 | D:3      | Mangled by Grinder

Vault maps used:
D:1:      shiori_arrival_oz, solitary_fountain
D:3:      serial_glass, glass_columns_b, glass_columns_a, first_bread,
          minivault_26, grunt_qazlal_sundering, uniq_grinder

Action                   |  1- 3 |  4- 6 || total
-------------------------+-------+-------++-------
Melee: Unarmed           |    54 |       ||    54
       Dagger            |    15 |       ||    15
       Short sword       |    43 |    28 ||    71
 Cast: Magic Dart        |    48 |    13 ||    61
 Stab: Sleeping          |     3 |       ||     3
  Eat: Chunk             |     4 |     2 ||     6
